 Dungeon Crawl Stone Soup version 0.23.0-3-gf3c87f2df8 (webtiles) character file.

Game seed: 6845203834603357447

23312 iano21 the Markscentaur (level 12, 0/107 HPs)
             Began as a Centaur Hunter on Feb 21, 2019.
             Was a High Priest of Okawaru.
             Slain by a sixfirhy (10 damage)
             ... summoned by an orc high priest
             ... on level 2 of the Orcish Mines on Feb 22, 2019.
             The game lasted 00:48:22 (14907 turns).

iano21 the Markscentaur (Centaur Hunter)           Turns: 14907, Time: 00:48:23

Health: 0/107      AC: 18    Str: 18    XL:     12   Next: 70%
Magic:  12/12      EV:  8    Int: 14    God:    Okawaru [*****.]
Gold:   1410       SH:  0    Dex: 12    Spells: 11/11 levels left

rFire    . . .     SeeInvis .   a - +1 longbow of the Grave {velocity, rPois Int+4}
rCold    . . .     Gourm    .   (shield currently unavailable)
rNeg     + . .     Faith    .   G - +0 plate armour
rPois    +         Spirit   .   I - +1 helmet
rElec    .         Reflect  .   O - +2 cloak
rCorr    .         Harm     +   h - +1 pair of gloves
MR       .....                  (no barding)
Stlth    ..........             C - amulet of harm
HPRegen  0.27/turn              l - ring of positive energy
MPRegen  0.13/turn              W - +3 ring of evasion

@: very quick
A: large, hooves 3, deformed body, speed 2, tough skin 3
a: Heroism, Finesse, Renounce Religion


You were on level 2 of the Orcish Mines.
You worshipped Okawaru.
Okawaru was extremely pleased with you.
You were not hungry.

You visited 3 branches of the dungeon, and saw 15 of its levels.

You collected 1410 gold pieces.

Inventory:

Hand Weapons
 a - the +1 longbow of the Grave (weapon) {velocity, rPois Int+4}
   (You acquired it on level 12 of the Dungeon)

   Any arrow fired from it inflicts extra damage.
   It affects your intelligence (+4).
   It protects you from poison.
 b - the +9 spear of Greed {venom, rN+}
   (You found it on level 4 of the Dungeon)

   It poisons the flesh of those it strikes.
   It protects you from negative energy.
 o - a +2 shortbow
 Q - the cursed +1 war axe of Qacra {chop, *Contam rF+ Stlth+, unknown}
   (You found it on level 9 of the Dungeon)

   It inflicts extra damage upon your enemies.
   It protects you from fire.
   It causes magical contamination when unequipped.
   It makes you more stealthy.
   It has a curse placed upon it.
 Y - a +1 arbalest of velocity
Missiles
 d - 119 arrows (quivered)
Armour
 h - a +1 pair of gloves (worn)
 G - a +0 plate armour (worn)
 I - a +1 helmet (worn)
 O - a +2 cloak (worn)
 P - the +4 robe "Pillathut" {-Cast Str+4 Int+5, unknown}
   (You found it on level 8 of the Dungeon)

   It affects your strength (+4).
   It affects your intelligence (+5).
   It prevents spellcasting.
Jewellery
 l - a ring of positive energy (left hand)
 s - an uncursed ring of resist corrosion
 C - an amulet of harm (around neck)
 E - a +5 ring of intelligence
 M - an uncursed amulet of magic regeneration
 S - an uncursed ring of stealth
 U - an uncursed ring of stealth
 W - a +3 ring of evasion (right hand)
Wands
 c - a wand of random effects (13)
 q - a wand of iceblast (22)
 A - a wand of flame (57)
 K - a wand of disintegration (15)
Scrolls
 e - 8 scrolls of teleportation
 k - 6 scrolls of remove curse
 r - 3 scrolls of identify
 t - 2 scrolls of fear
 x - 3 scrolls of enchant weapon
 z - a scroll of magic mapping
 D - 3 scrolls of blinking
 J - 4 scrolls of amnesia
 N - a scroll of acquirement
Potions
 g - 6 potions of curing
 i - 2 potions of lignification {unknown}
 j - a potion of might {unknown}
 m - 3 potions of berserk rage {unknown}
 n - 3 potions of flight
 p - a potion of degeneration {unknown}
 u - 3 potions of agility
 w - a potion of cancellation {unknown}
 B - 6 potions of heal wounds
 F - a potion of haste {unknown}
 H - a potion of resistance {unknown}
 L - a potion of brilliance {unknown}
 R - a potion of invisibility {unknown}
 T - 2 potions of magic {unknown}
Miscellaneous
 X - a lamp of fire
Comestibles
 f - 27 rations


   Skills:
 + Level 10.5 Fighting
 - Level 2.2 Polearms
 * Level 19.0 Bows
 * Level 5.6 Armour
 * Level 6.0 Dodging
 - Level 0.4 Stealth


You had 11 spell levels left.
You didn't know any spells.
Your spell library contained the following spells:

 Spells                   Type           Power        Failure   Level  Hunger
 Corona                   Hex            #......      100%        1    ##.....
 Flame Tongue             Conj/Fire      #....        100%        1    ##.....
 Magic Dart               Conj           #...         100%        1    ##.....
 Summon Butterflies       Summ           #.......     100%        1    ##.....
 Ensorcelled Hibernation  Hex/Ice        #.....       100%        2    ###....
 Searing Ray              Conj           #.....       100%        2    ###....
 Throw Flame              Conj/Fire      #.....       100%        2    ###....
 Call Canine Familiar     Summ           #.......     100%        3    ####...
 Confuse                  Hex            #.......     100%        3    ####...
 Conjure Flame            Conj/Fire      #.......     100%        3    ####...
 Dazzling Spray           Conj/Hex       #.....       100%        3    ####...
 Inner Flame              Hex/Fire       #.......     100%        3    ####...
 Recall                   Summ/Tloc      N/A          100%        3    ####...
 Tukima's Dance           Hex            #.......     100%        3    ####...
 Force Lance              Conj/Tloc      #.......     100%        4    #####..
 Fulminant Prism          Conj/Hex       #.........   100%        4    #####..
 Iskenderun's Mystic Bla  Conj           #.......     100%        4    #####..
 Sticky Flame             Conj/Fire      #.......     100%        4    #####..
 Summon Ice Beast         Ice/Summ       #.......     100%        4    #####..
 Aura of Abjuration       Summ           #.........   100%        5    ######.
 Fireball                 Conj/Fire      #.........   100%        5    ######.
 Summon Demon             Summ           #.........   100%        5    ######.
 Summon Forest            Summ/Tloc      #.........   100%        5    ######.
 Summon Mana Viper        Hex/Summ       #.......     100%        5    ######.
 Shadow Creatures         Summ           N/A          100%        6    #######
 Summon Hydra             Summ           #.........   100%        7    #######


Dungeon Overview and Level Annotations

Branches:
Dungeon (12/15)            Temple (1/1) D:7            Lair (0/6) D:10
    Orc (2/2) D:12            Elf (0/3) Orc:2

Altars:
Ashenzari
Cheibriados
Dithmenos
Elyvilon
Fedhas
Gozag
Hepliaklqana
Kikubaaqudgha
Makhleb
Nemelex Xobeh
Okawaru
Qazlal
Ru
Sif Muna
Trog
Uskayaw
Vehumet
Wu Jian
Xom
Yredelemnul
Zin
The Shining One

Shops:
D:6 }   D:10 (


Innate Abilities, Weirdness & Mutations

You have hooves in place of feet.
Armour fits poorly on your strangely shaped body.
You cover ground very quickly.
You have extremely tough skin. (AC +3)


Message History

You shoot an arrow. The arrow hits the orc warrior!
You kill the orc warrior!
Okawaru accepts your kill.
The orc high priest prays.
The orc high priest prays to Beogh.
The sixfirhy closely misses you. The sixfirhy barely misses you.
Things that are here:
a +0 short sword; a +0 ring mail; an orc corpse The sixfirhy hits you.
The sixfirhy shocks you! The sixfirhy barely misses you.
The sixfirhy closely misses you.
The orc high priest calls down the wrath of Beogh upon you.
Beogh smites you!
* * * LOW HITPOINT WARNING * * *
The sixfirhy hits you but does no damage.
The sixfirhy barely misses you. The sixfirhy completely misses you.
The sixfirhy hits you!
* * * LOW HITPOINT WARNING * * *
The sixfirhy shocks you!
You die...

##.#.........).............#.
##...........).)..............
##.................#...........
#.#............................
...............................
.................).........#..#
#....................#....##.
##...<..............#........
.........<....@3.........##.##.
#.#..##.#...............###.##
#.. ...###..#.........##...##
## ##.# #.............#....#
### #..................##
##...............###.
##..#.....#3#.####..
#............###...
##.#..........##...


You could see a sixfirhy.

Vanquished Creatures
  A fire dragon (D:11)
  2 hydras (D:12)
  6 two-headed ogres
  Pikel (D:5)
  An orc knight (Orc:2)
  A cyclops (D:12)
  A manticore (D:12)
  An orc sorcerer (Orc:1)
  Joseph (D:7)
  A komodo dragon (D:12)
  A troll (D:10)
  Grinder (D:4)
  5 hippogriffs
  A shadow (D:10)
  2 wyverns
  A human (D:8)
  3 hogs (D:8)
  2 wraiths
  2 hungry ghosts
  9 yaks
  5 wargs
  17 orc warriors
  A sky beast (D:10)
  A black bear (D:11)
  3 ice beasts
  An eye of draining (D:10)
  2 necrophages
  3 phantoms
  17 ogres
  10 centaurs
  2 crocodiles
  2 big kobolds
  7 bullfrogs
  A wyvern zombie (D:12)
  A gnoll sergeant (D:10)
  A wyvern skeleton (D:7)
  5 scorpions
  A water moccasin skeleton (D:10)
  13 killer bees
  4 wights (D:6)
  4 howler monkeys
  4 crimson imps
  A bullfrog zombie (D:11)
  4 jellies
  A quasit (D:10)
  3 centaur zombies
  21 orc priests
  7 hounds
  A bullfrog skeleton (D:7)
  5 centaur skeletons
  20 orc wizards
  Jessica (D:2)
  3 iguanas
  11 worker ants
  A killer bee zombie (D:8)
  A hound zombie (D:7)
  3 hound skeletons
  10 gnolls
  8 adders
  2 shadow imps (D:6)
  2 oozes
  2 adder skeletons (D:6)
  An adder zombie (D:7)
  A worm (D:3)
  3 dart slugs (D:1)
  4 leopard geckos
  80 orcs
  9 bats
  7 giant cockroaches
  6 goblins
  4 hobgoblins
  22 jackals
  12 kobolds
  A quokka (D:10)
  2 ball pythons
  5 frilled lizards
  3 rats
415 creatures vanquished.

Vanquished Creatures (others)
  A crimson imp (D:5)
  An orc wizard (D:6)
2 creatures vanquished.

Grand Total: 417 creatures vanquished

Notes
Turn   | Place    | Note
-------+----------+-------------------------------------------
     0 | D:1      | iano21 the Centaur Hunter began the quest for the Orb.
     0 | D:1      | Reached XP level 1. HP: 17/17 MP: 1/1
   129 | D:1      | Reached XP level 2. HP: 24/24 MP: 2/2
   134 | D:1      | Reached skill level 6 in Bows
   506 | D:1      | Reached XP level 3. HP: 29/29 MP: 3/3
   832 | D:2      | Noticed Jessica
   835 | D:2      | Killed Jessica
   835 | D:2      | Reached skill level 7 in Bows
   835 | D:2      | Reached XP level 4. HP: 36/36 MP: 4/4
  1635 | D:4      | Noticed Grinder
  1642 | D:4      | Noticed a bullfrog
  1845 | D:4      | Reached skill level 8 in Bows
  1856 | D:4      | Reached XP level 5. HP: 27/41 MP: 5/5
  2121 | D:4      | Noticed an ogre
  2129 | D:4      | Paralysed by Grinder for 2 turns
  2185 | D:4      | Got an iridescent spear
  2433 | D:4      | Reached skill level 9 in Bows
  2499 | D:5      | Entered Level 5 of the Dungeon
  2499 | D:5      | Noticed a slave
  2499 | D:5      | Noticed a slave
  2503 | D:5      | Reached XP level 6. HP: 4/50 MP: 6/6
  2503 | D:5      | Noticed Pikel
  2513 | D:5      | HP: 1/50 [centaur/arrow (4)]
  3086 | D:4      | HP: 2/50 [something/magic dart (7)]
  3087 | D:4      | Reached skill level 10 in Bows
  3495 | D:4      | Reached XP level 7. HP: 56/57 MP: 7/7
  3720 | D:4      | Paralysed by Grinder for 6 turns
  4017 | D:4      | Killed Grinder
  4017 | D:4      | Reached skill level 11 in Bows
  4294 | D:4      | Reached XP level 8. HP: 58/66 MP: 8/8
  4313 | D:4      | Reached skill level 12 in Bows
  4653 | D:4      | Identified the +9 spear of Greed {venom, rN+} (You found it
                  | on level 4 of the Dungeon)
  4764 | D:5      | Killed Pikel
  4764 | D:5      | Reached skill level 5 in Fighting
  4764 | D:5      | Reached skill level 13 in Bows
  4795 | D:5      | Reached XP level 9. HP: 62/74 MP: 9/9
  4912 | D:5      | Found a stormy altar of Qazlal.
  5036 | D:5      | Found a shimmering altar of Xom.
  5307 | D:5      | Reached skill level 14 in Bows
  5358 | D:5      | Found a snail-covered altar of Cheibriados.
  5446 | D:6      | Found a snail-covered altar of Cheibriados.
  5472 | D:6      | Found Qujisty's Gadget Shop.
  5538 | D:6      | Found a burning altar of Makhleb.
  5728 | D:6      | Reached skill level 1 in Armour
  6070 | D:7      | Found a snail-covered altar of Cheibriados.
  6096 | D:7      | Reached skill level 1 in Polearms
  6614 | D:7      | Reached XP level 10. HP: 77/86 MP: 10/10
  7214 | D:7      | Found a staircase to the Ecumenical Temple.
  7240 | D:7      | Noticed Joseph
  7252 | D:7      | Killed Joseph
  7252 | D:7      | Reached skill level 15 in Bows
  7314 | Temple   | Entered the Ecumenical Temple
  7330 | Temple   | Became a worshipper of Warmaster Okawaru
  7664 | D:8      | Noticed a two-headed ogre
  7674 | D:8      | Killed a two-headed ogre
  7674 | D:8      | Reached * piety under Okawaru
  8592 | D:8      | Got a wizard robe
  8682 | D:8      | Reached ** piety under Okawaru
  8948 | D:9      | Noticed a two-headed ogre
  8979 | D:9      | Killed a two-headed ogre
  8979 | D:9      | Reached skill level 16 in Bows
  8979 | D:9      | Reached XP level 11. HP: 79/95 MP: 11/11
  9246 | D:9      | Noticed a two-headed ogre
  9298 | D:9      | Killed a two-headed ogre
  9298 | D:9      | Reached *** piety under Okawaru
  9302 | D:9      | Received a gift from Okawaru
  9404 | D:9      | Got a polished war axe
  9876 | D:10     | Entered Level 10 of the Dungeon
 10391 | D:10     | Reached **** piety under Okawaru
 10419 | D:10     | Noticed a two-headed ogre
 10655 | D:10     | Found a staircase to the Lair.
 10721 | D:10     | Received a gift from Okawaru
 10721 | D:10     | Reached skill level 5 in Dodging
 10768 | D:10     | Noticed a two-headed ogre
 10786 | D:10     | Killed a two-headed ogre
 10786 | D:10     | Received a gift from Okawaru
 10901 | D:10     | Found Pesa's Antique Weapon Boutique.
 10953 | D:10     | Killed a two-headed ogre
 10953 | D:10     | Reached skill level 17 in Bows
 11566 | D:11     | Reached skill level 5 in Armour
 11569 | D:11     | Identified 3 scrolls of acquirement
 11677 | D:11     | Reached ***** piety under Okawaru
 11723 | D:11     | Noticed a fire dragon
 12178 | D:11     | Killed a fire dragon
 12178 | D:11     | Received a gift from Okawaru
 12178 | D:11     | Reached XP level 12. HP: 74/106 MP: 12/12
 12701 | D:12     | Noticed a five-headed hydra
 12708 | D:12     | Killed a five-headed hydra
 12755 | D:12     | Noticed a two-headed ogre
 12812 | D:12     | Killed a two-headed ogre
 12812 | D:12     | Reached skill level 10 in Fighting
 13295 | D:12     | Noticed a five-headed hydra
 13308 | D:12     | Killed a five-headed hydra
 13313 | D:12     | Got an ancient longbow
 13314 | D:12     | Identified the +1 longbow of the Grave {velocity, rPois
                  | Int+4} (You acquired it on level 12 of the Dungeon)
 13346 | D:12     | Reached skill level 18 in Bows
 13420 | D:12     | Found a staircase to the Orcish Mines.
 13438 | D:12     | Received a gift from Okawaru
 13943 | Orc:1    | Entered Level 1 of the Orcish Mines
 14204 | Orc:2    | Entered Level 2 of the Orcish Mines
 14446 | Orc:2    | Received a gift from Okawaru
 14783 | Orc:2    | Found a staircase to the Elven Halls.
 14870 | Orc:2    | Noticed an orc high priest
 14877 | Orc:2    | Reached skill level 19 in Bows
 14907 | Orc:2    | Slain by a sixfirhy

Skill      XL: |  1  2  3  4  5  6  7  8  9 10 11 12 |
---------------+-------------------------------------+-----
Bows           | 6 7 8 9 10 11 13 14 16 17 19 | 19.0
Fighting       | 3 4 5 7 8 9 10 | 10.5
Dodging        | 2 3 4 5 6 |  6.0
Armour         | 2 3 5 |  5.6
Polearms       | 1 2 |  2.2
Stealth        | |  0.4

Action                   |  1- 3 |  4- 6 |  7- 9 | 10-12 || total
-------------------------+-------+-------+-------+-------++-------
Melee: Short sword       |     2 |    62 |    11 |       ||    75
       Kick              |     1 |    15 |     4 |     4 ||    24
       Spear             |       |       |    15 |    21 ||    36
 Fire: Shortbow          |    97 |   152 |   340 |   897 ||  1486
       Longbow           |       |       |       |   229 ||   229
Invok: Heroism           |       |       |       |     1 ||     1
Evoke: Wand              |       |       |     1 |       ||     1
  Use: Scroll            |       |     4 |     6 |    15 ||    25
       Potion            |       |     2 |       |     2 ||     4
  Eat: Ration            |       |     2 |     1 |     1 ||     4
       Chunk             |       |       |     5 |    16 ||    21
Armor: Leather armour    |     4 |       |       |       ||     4
       Ring mail         |    17 |     7 |       |       ||    24
       Chain mail        |       |   162 |    45 |       ||   207
       Plate armour      |       |       |    19 |   168 ||   187
Dodge: Dodged            |    23 |    32 |    20 |    66 ||   141
